 Dungeon Crawl Stone Soup version 0.31.0-12-g77e489cdc1 (webtiles) character file.

Game seed: 18152054243709228810

130 Peloso the Covered (level 4, -1/41 HPs)
             Began as a Minotaur Fighter on Feb 21, 2024.
             Killed from afar by an orc wizard (3 damage)
             ... with a magic dart
             ... on level 3 of the Dungeon.
             The game lasted 00:06:00 (2686 turns).

Peloso the Covered (Minotaur Fighter)               Turns: 2686, Time: 00:06:00

Health: -1/41      AC:  7    Str: 20    XL:     4   Next: 89%
Magic:  3/3        EV:  9    Int:  5    God:
Gold:   119        SH:  0    Dex: 12    Spells: 3/3 levels left

rFire   . . .        a - +0 long sword
rCold   . . .        c - +0 buckler
rNeg    . . .        b - +0 scale mail
rPois   .            (helmet restricted)
rElec   .            (no cloak)
rCorr   .            (no gloves)
SInv    .            (no boots)
Will    .....        (no amulet) Stlth
                     (no ring)
HPRegen 0.26/turn    (no ring)
MPRegen 0.08/turn

%: no passive effects
@: confused
A: horns 2, retaliatory headbutt
a: no special abilities


You were on level 3 of the Dungeon.
You visited 1 branch of the dungeon, and saw 4 of its levels.

You collected 119 gold pieces.

Inventory:

Hand Weapons
 a - a +0 long sword (weapon)
Armour
 b - a +0 scale mail (worn)
 c - a +0 buckler (worn)
Jewellery
 h - a ring of magical power
 m - a +6 ring of strength
Wands
 j - a wand of polymorph (2)
 k - a wand of flame (13)
Scrolls
 f - 2 scrolls of revelation
 g - 2 scrolls of poison
Potions
 d - a potion of might
 l - a potion of haste


   Skills:
 + Level 4.3 Fighting
 + Level 4.2 Long Blades
 + Level 4.4 Armour
 + Level 0.7 Dodging
 + Level 0.4 Stealth
 + Level 4.3 Shields


You had 3 spell levels left.
You didn't know any spells.
Your spell library contained the following spells:

 Spells                   Type           Power      Damage    Failure   Level
 Foxfire                  Conj/Fire      0%         2x1d4     87%         1
 Plasma Beam              Fire/Air       0%         2x1d10    100%        6
 Starburst                Conj/Fire      0%         6d3       100%        6


Dungeon Overview and Level Annotations

Branches:
Dungeon (4/15)
 Temple: D:4-7

Altars:


Innate Abilities, Weirdness & Mutations

You have a pair of horns on your head.
You reflexively headbutt those who attack you in melee.


Message History

Something hits you but does no damage.
You closely miss something. Your headbutt misses something.
Something hits you but does no damage.
You hear some strange, mumbled words.
Something tries to affect you, but you resist.
You miss something. You block something's attack.
You hit something.
You hear some strange, mumbled words.
A magic dart appears from out of thin air!
The magic dart hits you.
* * * LOW HITPOINT WARNING * * *
You hit something but do no damage. Your headbutt misses something.
Something hits you but does no damage.
An orc wizard comes into view. It is wielding a +0 dagger.
The orc wizard shouts!
You hear some strange, mumbled words.
A puff of flame appears from out of thin air!
The puff of flame hits you.
* * * LOW HITPOINT WARNING * * *
The orc wizard mumbles some strange words.
The orc wizard flickers and vanishes!
You see here a +0 ring mail.
You slash the kobold!
You kill the kobold!
A magic dart appears from out of thin air!
The magic dart hits you.
* * * LOW HITPOINT WARNING * * *
There is a stone staircase leading up here.
Things that are here:
a +0 dagger; a kobold corpse You hear some strange, mumbled words.
You are confused.
You climb upwards.
Reactivating autopickup.
There is a stone staircase leading down here.
Unknown command.
You hear some strange, mumbled words.
A magic dart appears from out of thin air!
Deactivating autopickup; reactivate with Ctrl-A.
The magic dart hits you.
You die...

#...........# #....
#...........# #....
###.......### #....
#.......# #.[..
#.......# #...[
#.......# #....
#.......# #[...
##{......# #....
#>@......### #....
#..........# #....
#........#.# #....
#.....####'####....
#.#####...)...#####
#..# #.......#
####### #..#
#...♣...#
#.....###..#
#..♣♣♣..#
#.###.#.#..#
#...♣...#####


There were no monsters in sight!

Vanquished Creatures
  An orc wizard (D:4)
  Robin (D:3)
  2 adders
  4 ball pythons
  5 endoplasms
  2 giant cockroaches (D:2)
  12 goblins
  10 hobgoblins
  12 kobolds
  A quokka (D:1)
  8 bats
  7 frilled lizards
  4 rats
69 creatures vanquished.

Notes
Turn   | Place    | Note
-------+----------+-------------------------------------------
     0 | D:1      | Peloso the Minotaur Fighter began the quest for the Orb.
     0 | D:1      | Reached XP level 1. HP: 19/19 MP: 0/0
   119 | D:1      | Reached XP level 2. HP: 27/27 MP: 1/1
   387 | D:1      | Found a faded altar of an unknown god.
   576 | D:1      | Reached XP level 3. HP: 33/33 MP: 2/2
  1527 | D:3      | Noticed Robin
  1613 | D:3      | Killed Robin
  1614 | D:3      | Reached XP level 4. HP: 31/40 MP: 3/3
  2682 | D:4      | HP: 1/41 [something/magic dart (4)]
  2686 | D:3      | Killed from afar by an orc wizard

Illustrated notes

Levels and vault maps discovered:
D:1:      ncdulo_halloftheorcs, layout_rooms, shapermc_ecumenical_altar_venn
D:2:      layout_loops_ring
D:3:      layout_basic, chequers_serial_rivers_small_3,
          kennysheep_generic_room_8, uniq_robin
D:4:      layout_basic, minmay_misc_feat_room

Skill      XL: |  1  2  3  4 |
---------------+-------------+-----
Shields        | 4 |  4.3
Long Blades    | 3 4 |  4.2
Fighting       | 4 |  4.3
Armour         | 4 |  4.4
Dodging        | |  0.7
Stealth        | |  0.4

Action                     |  1- 3 |  4- 6 || total
---------------------------+-------+-------++-------
  Melee: Long sword        |   104 |    64 ||   168
         Headbutt          |    11 |     7 ||    18
    Use: Potion            |     4 |       ||     4
         Scroll            |       |     4 ||     4
 Armour: Scale mail        |    87 |    91 ||   178
  Dodge: Dodged            |    61 |    35 ||    96
  Block: Buckler           |    32 |    17 ||    49
